AoeStats
← ShallotForBrains

Nomad

509457102Analyzed
2v2 RM · 6d ago on Sep 26, 2026· 55m 22s· 4 players
Game mode
Random Map
Map size
176×176
Population
200
Speed
Normal
Resources
Standard
Victory
Conquest
Starting age
Dark Age
Ending age
Imperial Age
RankedLock teamsTeams togetherTeam positionsShared explorationLock speedFull tech treeHidden civsTurbo modeCheats
Victory
Defeat
🇸🇰 Varangians · Slovakia
1083
+14
🇸🇰 Khmer · Slovakia
1083
+14
🇺🇸 Koreans · United States
1097
-16
🇺🇸 Persians · United States
985
-12
ShallotForBrains
12:37 Feudal Age
14:44 Double-Bit Axe
17:11 Fletching
17:42 Fishing Lines
20:30 Loom
23:06 Castle Age
23:22 Scale Mail Armor
24:24 Crossbowman
25:45 Wheelbarrow
26:54 Bodkin Arrow
27:47 Bow Saw
28:30 Thumb Ring
38:20 Imperial Age
35:38 Horse Collar
36:13 Gold Mining
37:23 Eupseong
39:32 Bracer
39:46 Stone Mining
40:01 Capped Ram
40:30 Arbalester
41:32 Scale Barding Armor
44:25 Hand Cart
44:12 Heavy Plow
44:01 Town Watch
46:35 Block Printing
47:11 Ballistics
47:52 Chemistry
50:52 Heavy Rocket Cart
55:40 Gold Shaft Mining
Pollito123
14:49 Feudal Age
23:10 Loom
25:26 Castle Age
26:50 Pikeman
28:20 Scale Barding Armor
28:15 Scale Mail Armor
31:15 Horse Collar
32:41 Crossbowman
33:27 Thumb Ring
33:40 Heavy Plow
33:30 Double-Bit Axe
39:15 Gambesons
43:02 Padded Archer Armor
44:11 Leather Archer Armor
43:47 Fletching
45:51 Light Cavalry
49:39 Bodkin Arrow
53:47 Imperial Age
51:33 Husbandry
51:40 Husbandry
51:52 Bloodlines
Sylvanas Windrunner
3:24 Loom
4:57 Loom
15:49 Feudal Age
16:15 Double-Bit Axe
16:13 Fishing Lines
20:53 Castle Age
19:45 Bloodlines
20:19 Scale Barding Armor
21:07 Forging
21:08 Light Cavalry
24:50 Scale Mail Armor
25:09 Arson
26:00 Iron Casting
26:19 Squires
31:29 Wheelbarrow
31:53 Chain Barding Armor
31:33 Horse Collar
33:15 Bow Saw
34:33 Stone Mining
36:16 Heavy Plow
36:44 Husbandry
37:14 Town Watch
38:04 Fletching
38:27 Gillnets
42:52 Imperial Age
41:04 Chain Mail Armor
41:25 Gold Mining
44:15 Conscription
44:15 Elite Jarl
46:16 Plate Barding Armor
47:13 Blast Furnace
47:14 Conscription
51:25 Stone Shaft Mining
51:41 Hand Cart
55:08 Plate Mail Armor
55:21 Elite Varangian Guard
SCH0N
10:07 Loom
18:39 Feudal Age
19:04 Double-Bit Axe
19:01 Horse Collar
19:17 Fishing Lines
20:19 Wheelbarrow
20:00 Town Watch
20:32 Gold Mining
24:40 Castle Age
25:20 Bloodlines
25:20 Stone Mining
30:02 Stone Shaft Mining
30:06 Medium Warships
31:09 Bow Saw
33:44 Fletching
34:51 Heavy Plow
36:00 Gold Shaft Mining
36:03 Husbandry
37:57 Hand Cart
37:50 Bodkin Arrow
38:01 Scale Barding Armor
38:21 Arson
41:55 Light Cavalry
43:19 Ballistics
46:03 Imperial Age
43:33 Gillnets
44:42 Murder Holes
45:58 Chain Barding Armor
45:49 Forging
47:09 Conscription
46:56 Double Crossbow
46:34 Capped Ram
48:30 Chemistry
47:47 Bracer
48:41 Plate Barding Armor
49:20 Iron Casting
Connection lost

Rejoining the realm…

Still unreachable

The connection could not be restored.

Session expired

The server has moved on; the page needs a fresh start.